 Dungeon Crawl Stone Soup version 0.30-a0-723-gc1506a1cf0 (webtiles) character file.

Game seed: 14717085071960970164

294 Flugkiller the Slasher (level 6, -1/42 HPs)
             Began as an Octopode Gladiator on Jan 28, 2023.
             Was an Initiate of Ashenzari.
             Slain by an orc wizard
             ... wielding a +1 dagger of venom
              (4 damage)
             ... on level 3 of the Dungeon.
             The game lasted 00:02:31 (2116 turns).

Flugkiller the Slasher (Octopode Gladiator)         Turns: 2116, Time: 00:02:32

Health: -1/42      AC:  1    Str: 12 (13) XL:     6   Next: 33%
Magic:  6/6        EV: 14    Int: 10 (11) God:    Ashenzari [......]
Gold:   87         SH:  0    Dex: 13 (15) Spells: 5/5 levels left

rFire   + . .      SeeInvis .    a - +0 long sword
rCold   + . .      Faith    .    (no shield)
rNeg    . . .      Spirit   .    b - +0 hat
rPois   +          Reflect  .    i - amulet of regeneration
rElec   +          Harm     .    l - ring of resist corrosion
rCorr   +          Rampage  .    (no ring)
Will    .....                    (no ring)
Stlth   +++                      (no ring)
HPRegen 1.07/turn                (no ring)
MPRegen 0.10/turn                (no ring)
                                 (no ring)
                                 (no ring)

@: lethally poisoned (-1 -> -2), resistant, hasted, very quick
A: almost no armour, amphibious, 8 rings, camouflage 1, gelatinous body 1,
(nimble swimmer 1), tentacles
a: Renounce Religion


You were on level 3 of the Dungeon.
You worshipped Ashenzari.
Ashenzari was noncommittal.
You visited 1 branch of the dungeon, and saw 3 of its levels.

You collected 87 gold pieces.

Inventory:

Hand Weapons
 a - a +0 long sword (weapon)
Missiles
 c - 3 throwing nets (quivered)
 d - a javelin
Armour
 b - a +0 hat (worn)
Jewellery
 i - an amulet of regeneration (around mantle)
   (You found it on level 3 of the Dungeon)
 l - a ring of resist corrosion (left tentacle)
   (You found it on level 3 of the Dungeon)
Wands
 e - a wand of iceblast (4)
   (You found it on level 3 of the Dungeon)
Scrolls
 f - a scroll of immolation
 g - a scroll of fear
 k - 3 scrolls of vulnerability {unknown}
 o - a scroll of poison {unknown}
 q - a scroll of enchant weapon {unknown}
 r - a scroll of identify
Potions
 h - a potion of attraction {unknown}
 j - a potion of might {unknown}
 m - a potion of brilliance
 n - a potion of resistance


   Skills:
 - Level 3.0 Fighting
 - Level 6.0 Long Blades
 - Level 2.0 Throwing
 + Level 3.5 Dodging
 - Level 2.0 Stealth


You had 5 spell levels left.
You didn't know any spells.
Your spell library contained the following spells:

 Spells                   Type           Power      Damage    Failure   Level
 Beastly Appendage        Tmut           0%         N/A       36%         1
 Wereblood                Tmut           0%         N/A       50%         2
 Call Canine Familiar     Summ           0%         N/A       75%         3
 Portal Projectile        Hex/Tloc       0%         N/A       75%         3
 Spider Form              Tmut/Pois      0%         N/A       75%         3
 Leda's Liquefaction      Hex/Erth       0%         N/A       98%         4


Dungeon Overview and Level Annotations

Branches:
Dungeon (3/15) Zot: 15859

Altars:
Ashenzari


Innate Abilities, Weirdness & Mutations

You cannot wear most types of armour.
You are amphibious.
You can wear up to eight rings at the same time.
Your skin changes colour to match your surroundings (Stealth+).
Your rubbery body absorbs attacks. (AC +1, EV +1)
((You are camouflaged when in or above water. (Stealth+)))
You have tentacles for arms and can constrict up to eight enemies at once.


Message History

You slash the hobgoblin!
You kill the hobgoblin!
No target in view!
No target in view!
A spectral kobold comes into view.
A spectral kobold is nearby!
A spectral kobold is nearby!
You barely miss the spectral kobold.
The spectral kobold hits you but does no damage.
The spectral kobold barely misses you.
You barely miss the spectral kobold. You squeeze the spectral kobold.
The spectral kobold is lightly damaged.
The spectral kobold hits you.
You hit the spectral kobold but do no damage.
The spectral kobold is lightly damaged.
The spectral kobold hits you but does no damage.
You hit the spectral kobold.
You destroy the spectral kobold!
No target in view!
Found a faded altar of an unknown god.
You now have 70 gold pieces (gained 5).
There is a faded altar of an unknown god here.
You enter the shallow water.
You enter the shallow water.
Found a stone staircase leading down.
You enter the shallow water.
A hobgoblin is nearby!
You barely miss the hobgoblin. You grab the hobgoblin.
You squeeze the hobgoblin.
The hobgoblin is severely wounded.
You constrict the hobgoblin. The hobgoblin hits you.
You slash the hobgoblin!
You kill the hobgoblin!
No target in view!
A hobgoblin comes into view.
Found a red potion.
You see here a hobgoblin corpse.
A hobgoblin is nearby!
A hobgoblin is nearby!
Found a ring mail.
Found a book of the Hunter.
The hobgoblin shouts!
You slash the hobgoblin!
You kill the hobgoblin!
No target in view!
Found an escape hatch in the ceiling.
p - a red potion You pick up a book of the Hunter and begin reading...
You add the spells Call Canine Familiar, Portal Projectile and Leda's Liquefaction to your library.
q - a scroll labelled VEICKAETUI
r - a scroll of identify You now have 87 gold pieces (gained 17).
You closely miss the kobold.
The kobold shouts!
The orc wizard shouts!
Your grab misses the kobold. The kobold hits you with a +0 dagger.
You slash the kobold!
You kill the kobold!
The orc wizard casts a spell at you. You resist with some effort.
You closely miss the orc wizard. Your grab misses the orc wizard.
The orc wizard completely misses you. The orc wizard closely misses you.
You hit the orc wizard. Your grab misses the orc wizard.
Your squeeze misses the orc wizard.
The orc wizard is lightly wounded.
The orc wizard misses you.
The orc wizard mumbles some strange words.
The orc wizard flickers and vanishes!
Deactivating autopickup; reactivate with Ctrl-A.
Something hits you.
You are poisoned.
The orc wizard casts a spell at you. The puff of flame hits you.
You closely miss the orc wizard. Your grab misses the orc wizard.
You feel sick.
The orc wizard hits you with a +0 dagger.
You hear some strange, mumbled words.
A magic dart appears from out of thin air!
The magic dart hits you.
You are too injured to fight recklessly!
You are too injured to fight recklessly!
You closely miss the orc wizard. Your grab misses the orc wizard.
You squeeze the orc wizard!
The orc wizard is severely wounded.
You feel sick.
The orc wizard hits you with a +0 dagger.
Something hits you.
You are more poisoned.
You hit the orc wizard.
You kill the orc wizard!
You feel very sick.
You hear some strange, mumbled words.
A magic dart appears from out of thin air!
The magic dart hits you!
* * * LOW HITPOINT WARNING * * *
You feel sick.
You feel protected.
You feel sick. Something hits you.
* * * LOW HITPOINT WARNING * * *
It was a potion of haste.
You feel yourself speed up.
You feel sick. Something hits you.
You die...

.#
#.##.####..#..#.#.............
.#
#.........##).#.#..##....P....
##
#............รท#...>..........#
##.......#.#.####.############
#.......#.#... #.#...####
#.......+......#.#.#.#..#
#.......##)#...#...#.#..#
#.......##.#########....#
#.......##).@........#.##
####### #########...#.#
#....#.# #.####.# #...##.#
###.##.# #....# ######


There were no monsters in sight!

Vanquished Creatures
  Sigmund (D:2)
  An orc wizard (D:3)
  An adder (D:2)
  6 worms
  2 dart slugs
  3 orcs (D:3)
  8 endoplasms
  5 giant cockroaches
  9 hobgoblins
  4 kobolds
  2 quokkas
  7 ball pythons
  7 bats
  4 frilled lizards
  7 goblins
  4 rats
  A spectral kobold (D:3)
72 creatures vanquished.

Vanquished Creatures (others)
  14 fungi (D:3)
14 creatures vanquished.

Grand Total: 86 creatures vanquished

Notes
Turn   | Place    | Note
-------+----------+-------------------------------------------
     0 | D:1      | Flugkiller the Octopode Gladiator began the quest for the
                  | Orb.
     0 | D:1      | Reached XP level 1. HP: 14/14 MP: 1/1
    75 | D:1      | Reached skill level 1 in Stealth
   115 | D:1      | Reached XP level 2. HP: 12/19 MP: 2/2
   439 | D:1      | Reached XP level 3. HP: 25/25 MP: 3/3
   956 | D:2      | Noticed Sigmund
   969 | D:2      | Killed Sigmund
   970 | D:2      | Reached skill level 4 in Long Blades
   970 | D:2      | Reached skill level 5 in Long Blades
   970 | D:2      | Reached XP level 4. HP: 14/31 MP: 4/4
   970 | D:2      | Reached XP level 5. HP: 16/36 MP: 5/5
  1266 | D:2      | Reached XP level 6. HP: 29/42 MP: 6/6
  1616 | D:3      | Reached skill level 6 in Long Blades
  1633 | D:3      | Identified the +0 leather armour "Sonus" {rElec rPois
                  | Dex+3}
  1895 | D:3      | Found a broken altar of Ashenzari.
  1934 | D:3      | Became a worshipper of Ashenzari the Shackled
  2002 | D:3      | Found a faded altar of an unknown god.
  2116 | D:3      | Slain by an orc wizard

Illustrated notes

Levels and vault maps discovered:
D:1:      dpeg_arrival_boxorama, layout_basic, nicolae_wormholes
D:2:      layout_loops_ring, uniq_sigmund
D:3:      layout_basic, cheibrodos_ashenzari_chains,
          dreamdust_ecumenical_altar_drowned_temple, dreamdust_mushroom_princess

Skill      XL: |  1  2  3  4  5  6 |
---------------+-------------------+-----
Stealth        | 2 |  2.0
Fighting       | 3 |  3.0
Long Blades    | 5 6 |  6.0
Throwing       | |  2.0
Dodging        | |  3.5

Action                     |  1- 3 |  4- 6 || total
---------------------------+-------+-------++-------
  Melee: Long sword        |    66 |    68 ||   134
         Constrict         |    14 |    14 ||    28
         Tentacles         |    14 |    15 ||    29
         Punch             |       |     1 ||     1
    Use: Scroll            |       |     5 ||     5
         Potion            |       |     6 ||     6
   Stab: Sleeping          |     9 |     9 ||    18
 Armour: Skin              |     6 |     3 ||     9
  Dodge: Dodged            |    46 |    24 ||    70

Table legend: (Time is in decaauts)
 A = Elapsed time spent in this place.
 B = Non-inter-level travel time spent in this place.
 C = Inter-level travel time spent in this place.
 D = Time resting spent in this place.
 E = Time spent auto-exploring this place.
 F = Levels seen in this place.
 G = Mean time per level.
                   A        B        C        D        E       F      G
               +--------+--------+--------+--------+--------+-----+--------+
         Total |   2139 |   2064 |     75 |    281 |   1312 |   3 |  713.0 |
       Dungeon |   2139 |   2064 |     75 |    281 |   1312 |   3 |  713.0 |
               +--------+--------+--------+--------+--------+-----+--------+

Top non-repeatable levels by time:
     D:2: 815 daAuts
     D:1: 807 daAuts
     D:3: 516 daAuts
